 Dungeon Crawl Stone Soup version 0.29.1-15-g9cfb28693d (webtiles) character file.

Game seed: 12425748598367185488

286 BuddhaDhamma the Cleaver (level 6, -1/51 HPs)
             Began as a Minotaur Berserker on Mar 24, 2023.
             Was a Priest of Trog.
             Succumbed to an orc wizard's poison
             ... on level 4 of the Dungeon.
             The game lasted 00:03:55 (3211 turns).

BuddhaDhamma the Cleaver (Minotaur Berserker)       Turns: 3211, Time: 00:03:56

Health: -1/51      AC:  3    Str: 23    XL:     6   Next: 8%
Magic:  5/5        EV: 15    Int:  4    God:    Trog [***...]
Gold:   150        SH:  0    Dex: 10    Spells: 5/5 levels left

rFire   . . .      SeeInvis .   a - +0 hand axe
rCold   . . .      Faith    +   (no shield)
rNeg    . . .      Spirit   .   m - +0 leather armour
rPois   .          Reflect  .   (helmet restricted)
rElec   .          Harm     .   (no cloak)
rCorr   .          Rampage  .   (no gloves)
Will    .....                   (no boots)
Stlth   +.........              j - amulet of faith
HPRegen 0.17/turn               r - +4 ring of evasion
MPRegen 0.09/turn               (no ring)

@: lethally poisoned (-1 -> -9), on berserk cooldown, attractive, slowed, very
slow
A: horns 2, retaliatory headbutt
a: Renounce Religion, Berserk, Trog's Hand


You were on level 4 of the Dungeon.
You worshipped Trog.
Trog was most pleased with you.
You visited 1 branch of the dungeon, and saw 4 of its levels.

You collected 150 gold pieces.

Inventory:

Hand Weapons
 a - a +0 hand axe (weapon)
Missiles
 u - a throwing net (quivered)
Armour
 m - a +0 leather armour (worn)
Jewellery
 g - a ring of magical power
 j - an amulet of faith (around neck)
 q - an amulet of regeneration
 r - a +4 ring of evasion (left hand)
 x - a +6 ring of intelligence
 z - a ring of fire
Wands
 s - a wand of quicksilver (5)
 y - a wand of roots (2)
Scrolls
 c - 2 scrolls of blinking
 f - a scroll of vulnerability {unknown}
 h - a scroll of enchant weapon {unknown}
 k - 6 scrolls of identify {unknown}
 n - a scroll of amnesia {unknown}
 o - a scroll of teleportation {unknown}
 t - a scroll of poison {unknown}
 v - a scroll of fear {unknown}
 w - a scroll of brand weapon {unknown}
 B - a scroll of butterflies {unknown}
Potions
 b - a potion of haste {unknown}
 d - 2 potions of invisibility {unknown}
 e - a potion of berserk rage {unknown}
 i - 4 potions of attraction
 l - 3 potions of might {unknown}
 p - a potion of resistance {unknown}
 A - a potion of heal wounds {unknown}


   Skills:
 - Level 3.6 Fighting
 + Level 8.3 Axes
 - Level 2.4 Armour
 - Level 2.1 Dodging


You had 5 spell levels left.
You didn't know any spells.
Your spell library was empty.

Dungeon Overview and Level Annotations

Branches:
Dungeon (4/15)
 Temple: D:4-7

Altars:

Portals:
Abyss: D:3

Annotations:
D:3 2 transporters, Carnifexus's ghost, amateur DsWn


Innate Abilities, Weirdness & Mutations

You have a pair of horns on your head.
You reflexively headbutt those who attack you in melee.


Message History

* * * LOW HITPOINT WARNING * * *
You feel very sick. The hound barely misses you.
You hit the necrophage.
The necrophage is almost destroyed.
You hit something. Trog accepts your kill.
Trog appreciates your killing of a magic user.
Reactivating autopickup.
You feel a bit more experienced.
You slash the hound!
You kill the hound!
Trog accepts your kill.
* * * LOW HITPOINT WARNING * * *
You feel very sick.
The necrophage hits you but does no damage.
You slash the necrophage!
You destroy the necrophage!
Trog accepts your kill.
You slash the orc!
You kill the orc!
Trog accepts your kill.
* * * LOW HITPOINT WARNING * * *
You feel sick.
Your life force feels restored.
Your Axes skill increases to level 8!
You have reached level 6!
You are too berserk!
* * * LOW HITPOINT WARNING * * *
You feel sick.
You feel a strong urge to attack something.
* * * LOW HITPOINT WARNING * * *
You feel sick.
You are no longer berserk.
You are exhausted.
You feel yourself slow down.
* * * LOW HITPOINT WARNING * * *
You feel sick.
It was a potion of attraction.
You feel attractive to monsters.
You die...

...# #.....# ##..........
#...##.....###...(.....##
.##..#.....##..........#
...........##..........##
###.#.).)..#...$........
#.....).....########.#
##..#...##.## #.#
#..#......# #...@..)..#
###.#...#..#####
................. .
..............#### ##
#####.#...#.##..#
#.###......... #.
#....###.## # #...(# .#
#....# #


There were no monsters in sight!

Vanquished Creatures
  A necrophage (D:4)
  An orc priest (D:3)
  A hound (D:4)
  An orc wizard (D:4)
  Ijyb (D:3)
  3 adders
  2 worms (D:2)
  3 dart slugs
  5 orcs
  6 endoplasms
  3 giant cockroaches
  10 goblins
  4 hobgoblins
  3 jackals
  4 kobolds
  2 quokkas
  9 ball pythons
  3 bats
  3 frilled lizards
  3 rats
68 creatures vanquished.

Notes
Turn   | Place    | Note
-------+----------+-------------------------------------------
     0 | D:1      | BuddhaDhamma the Minotaur Berserker began the quest for the
                  | Orb.
     0 | D:1      | Reached XP level 1. HP: 19/19 MP: 0/0
    49 | D:1      | Reached skill level 4 in Axes
    85 | D:1      | Reached XP level 2. HP: 7/26 MP: 1/1
   601 | D:1      | Reached skill level 5 in Axes
   870 | D:2      | Reached XP level 3. HP: 31/31 MP: 2/2
   958 | D:2      | Reached ** piety under Trog
  2036 | D:2      | Reached skill level 6 in Axes
  2036 | D:2      | Reached XP level 4. HP: 26/39 MP: 3/3
  2390 | D:3      | Noticed a small abomination
  2419 | D:3      | Found a transporter.
  2512 | D:3      | Noticed a small abomination
  2524 | D:3      | Found a transporter.
  2541 | D:3      | Noticed Ijyb
  2550 | D:3      | Killed Ijyb
  2783 | D:3      | Reached XP level 5. HP: 45/45 MP: 4/4
  2784 | D:3      | Reached skill level 7 in Axes
  2944 | D:3      | Found a one-way gate to the infinite horrors of the Abyss.
  2944 | D:3      | Noticed Carnifexus's ghost (amateur DsWn)
  3207 | D:4      | Reached *** piety under Trog
  3208 | D:4      | Reached skill level 8 in Axes
  3208 | D:4      | Reached XP level 6. HP: 6/51 MP: 5/5
  3210 | D:4      | HP: 1/51 [poisoned by an orc wizard]
  3211 | D:4      | Succumbed to an orc wizard's poison

Illustrated notes

Levels and vault maps discovered:
D:1:      tarquinn_simple_flora_water_d, layout_rooms
D:2:      layout_basic, minmay_mini_jars
D:3:      layout_basic, gammafunk_ghost_abyssal_escape, uniq_ijyb
D:4:      layout_rooms, minmay_misc_feat_tower

Skill      XL: |  1  2  3  4  5 |
---------------+----------------+-----
Axes           | 4 5 6 8 |  8.3
Fighting       | |  3.6
Armour         | |  2.4
Dodging        | |  2.1

Action                   |  1- 3 |  4- 6 || total
-------------------------+-------+-------++-------
Melee: Hand axe          |    81 |    48 ||   129
       Headbutt          |     9 |     8 ||    17
       Punch             |       |     1 ||     1
Invok: Berserk           |       |     2 ||     2
  Use: Potion            |       |     1 ||     1
 Stab: Sleeping          |     1 |       ||     1
Armor: Animal skin       |     5 |       ||     5
       Leather armour    |     9 |     6 ||    15
Dodge: Dodged            |    52 |    44 ||    96
